cohdb
Replays
Latest Replays
All Replays
Popular Replays
Top Player Replays
Match Explorer
How It Works
Community
CoH3 Stats
Reddit
Sign in to upload your games and track your stats! →
Sign in with Steam
Match 47118499
Unlisted
Match 47118499
Overview
Messages
Build Orders
End
Construct Barracks
Selects Advanced Infantry Battlegroup
Riflemen Squad
Riflemen Squad
Riflemen Squad
Grenade Package
Infantry Support Center
M1918 Browning Automatic Rifles
Selects Convert to Ranger Squad
Riflemen Squad
Survival Training
Selects Frontline Medical Station
Convert to Ranger Squad
Advanced Logistics
Convert to Ranger Squad
Munitions Surplus
Convert to Ranger Squad
Ranger Squad
Selects Ranger Weapon Training
Frontline Medical Station
Convert to Ranger Squad
Selects Artillery Observers
Construct Weapon Support Center
Artillery Observer Squad
Engineer Squad
Construct Tank Depot
Selects M2A1 105mm Howitzer Emplacement
Improved M9 Bazooka Rockets
M18 Hellcat Tank Destroyer
Selects 155mm Rapid Artillery Barrage
Mixrundiy
Mario
gAtoR45
Teodor Colt
SandiPon
Vipper
9magicfingers
ionwood
0
0
Comments
sign in to comment!
No comments posted yet!